 Dungeon Crawl Stone Soup version 0.29.1-15-g9cfb28693d (webtiles) character file.

Game seed: 14196814605183255886

7932 protoss039 the Fighter (level 11, 82/82 (86) HPs)
             Began as a Demonspawn Earth Elementalist on Mar 1, 2023.
             Was a Priest of Vehumet.
             Got out of the dungeon alive.
             The game lasted 00:18:17 (10997 turns).

protoss039 the Fighter (DsEE)                      Turns: 10997, Time: 00:18:18

HP:   82/82 (86)    AC:  8    Str:  8    XL:     11   Next: 3%
MP:   22/22         EV: 12    Int: 26    God:    Vehumet [***...]
Gold: 1302          SH:  4    Dex: 15    Spells: 7/25 levels left

rFire   . . .      SeeInvis .   C - +6 quarterstaff "Afeud" {freeze, rPois rN+ Will+ Stlth+}
rCold   . . .      Faith    .   (shield currently unavailable)
rNeg    + . .      Spirit   .   (no body armour)
rPois   +          Reflect  .   e - +2 helmet
rElec   .          Harm     .   p - +0 cloak
rCorr   .          Rampage  .   (no gloves)
Will    ++...                   (boots unavailable)
Stlth   +++.......              (no amulet)
HPRegen 0.23/turn               x - ring of willpower
MPRegen 0.18/turn               y - +4 ring of protection

@: lightly drained
A: hooves 3, demonic guardian 1, big brain 3, condensation shield
a: Renounce Religion


You escaped.
You worshipped Vehumet.
Vehumet was most pleased with you.
You visited 2 branches of the dungeon, and saw 10 of its levels.
You also visited: Bailey.

You collected 1302 gold pieces.

Inventory:

Hand Weapons
 C - the +6 quarterstaff "Afeud" (weapon) {freeze, rPois rN+ Will+ Stlth+}
   (You found it on level 7 of the Dungeon)

   It freezes those it strikes, dealing additional cold damage.
   It can also slow down cold-blooded creatures.
   rPois:     It protects you from poison.
   rN:        It protects you from negative energy.
   Will:      It increases your willpower.
   Stlth:     It makes you more stealthy.
 E - a +2 trident of venom
 J - a +1 long sword of flaming
Missiles
 D - 12 throwing nets
Armour
 e - a +2 helmet (worn)
 f - a +0 leather armour of fire resistance
 h - a +0 buckler
 j - a +0 leather armour
 p - a +0 cloak (worn)
 F - a +0 kite shield
 H - +0 acid dragon scales
 N - a +0 robe of willpower
Jewellery
 x - a ring of willpower (left hand)
 y - a +4 ring of protection (right hand)
 A - a ring of see invisible
 G - a +4 ring of evasion
 M - a ring of willpower
Wands
 q - a wand of paralysis (2)
 t - a wand of quicksilver (10)
 B - a wand of digging (6)
 K - a wand of iceblast (14)
 L - a wand of flame (8)
 O - a wand of mindburst (9)
Scrolls
 a - 2 scrolls of amnesia
 c - 6 scrolls of teleportation
 g - a scroll of enchant weapon {unknown}
 l - 3 scrolls of noise {unknown}
 m - 2 scrolls of poison {unknown}
 r - a scroll of fear {unknown}
 s - 7 scrolls of identify {unknown}
 w - 3 scrolls of vulnerability {unknown}
Potions
 b - 2 potions of magic
 d - a potion of haste {unknown}
 i - 4 potions of degeneration {unknown}
 k - 4 potions of flight {unknown}
 n - a potion of ambrosia {unknown}
 o - a potion of attraction {unknown}
 u - 2 potions of heal wounds {unknown}
 v - 2 potions of mutation {unknown}
 z - 2 potions of lignification {unknown}
 I - 2 potions of brilliance {unknown}
 P - a potion of curing


   Skills:
 + Level 8.1 Fighting
 - Level 3.0 Armour
 - Level 1.7 Dodging
 - Level 1.7 Stealth
 - Level 3.0 Shields
 + Level 7.7 Spellcasting
 + Level 6.5 Conjurations
 - Level 0.8 Transmutations
 - Level 3.0 Air Magic
 + Level 8.0 Earth Magic
 - Level 3.0 Poison Magic


You had 7 spell levels left.
You knew the following spells:

 Your Spells              Type           Power      Damage    Failure   Level
a - Sandblast             Erth           100%       2d20      1%          1
b - Passwall              Tmut/Erth      27%        N/A       1%          2
c - Stone Arrow           Conj/Erth      94%        3d12      1%          3
d - Static Discharge      Conj/Air       34%        3-8/arc   1%          2
e - Wereblood             Tmut           14%        N/A       2%          2
g - Mephitic Cloud        Conj/Pois/Air  31%        N/A       1%          3
h - Freezing Cloud        Conj/Ice/Air   13%        6-21      5%          5

Your spell library contained the following spells:

 Spells                   Type           Power      Damage    Failure   Level
 Sticky Flame             Conj/Fire      27%        2d5       1%          4
 Beastly Appendage        Tmut           28%        N/A       1%          1
 Poisonous Vapours        Pois/Air       50%        N/A       1%          2
 Ignite Poison            Fire/Tmut/Pois 16%        N/A       1%          3
 Apportation              Tloc           20%        N/A       2%          1
 Necrotise                Necr           40%        1d6       2%          1
 Summon Small Mammal      Summ           40%        N/A       2%          1
 Spider Form              Tmut/Pois      20%        N/A       3%          3
 Petrify                  Tmut/Erth      33%        N/A       4%          4
 Corpse Rot               Necr/Pois/Air  20%        N/A       11%         4


Dungeon Overview and Level Annotations

Branches:
Dungeon (9/15) Zot: 25714  Temple (1/1) D:4 Zot: 5952     Orc (0/2) D:9
 Bailey (visited)
   Lair: D:8-11

Altars:
Ashenzari
Cheibriados
Dithmenos
Fedhas
Hepliaklqana
Kikubaaqudgha
Makhleb
Nemelex Xobeh
Okawaru
Qazlal
Ru
Sif Muna
Trog
Uskayaw
Vehumet
Wu Jian
Xom
Yredelemnul

Shops:
D:1 !   D:5 :

Annotations:
D:4 3 runed translucent doors, Weresquid's ghost, novice GrGl


Innate Abilities, Weirdness & Mutations

You have hooves in place of feet.
A weak demonic guardian rushes to your aid.
You have an absolutely massive brain. (Int +6, Wiz)
A meltable shield of frost defends you. (SH +4)


Message History

a +0 war axe; a +0 leather armour; a +0 club
Items here: ))) [[.
Items here: ( ))))) [[[.
There is a stone staircase leading up, spattered with blood here.
You climb upwards.
There is a stone staircase leading down here.
There is an open door here.
Things that are here:
a +0 robe; a +4 hand axe of freezing
Things that are here:
a +0 robe; a +0 trident of venom
Things that are here:
a +0 robe; a +2 long sword of freezing
There is a stone staircase leading up here.
You climb upwards.
There is a stone staircase leading down here.
You see here a +0 flail.
There is a stone staircase leading up, spattered with blood here.
You climb upwards.
There is a stone staircase leading down here.
There is a stone staircase leading up here.
You climb upwards.
There is a stone staircase leading down here.
You see here a +0 sling.
There is a stone staircase leading up here.
You climb upwards.
Level annotation: 3 runed translucent doors, Weresquid's ghost, novice GrGl
There is a stone staircase leading down here.
There is a stone staircase leading up here.
You climb upwards.
There is a stone staircase leading down here.
There is a stone staircase leading up here.
You climb upwards.
There is a stone staircase leading down here.
There is a stone staircase leading up here.
You climb upwards.
There is a stone staircase leading down here.
There is a staircase leading out of the dungeon here.
Are you sure you want to leave the Dungeon?
This will make you lose the game!
You have escaped!

#.# #.# #.# #.#.###
#####.###.## #.# #.#.#
#..........## ##.# #.#.#
#.###.....#.###.## #.#.#
#.# ##.#####.#.## ####.#.#
#.# #..## ##.## ##....#.#
#.# ###.###.#.###.#...#.#
#.# ##.#.#.#.#.####.#)# #.#
##.#.@.#.#####.#.# #.#
##.#.#.#.#.##.....# ####.#
##.###.#.###.###.### .....#
#.## ##.## ##.##.# ###..#
#.####.#.## #.##.# #..#
#..##.###.###.##.# #..#
##...## ##.#...#.#
###..#######..####...###..#
∩....................# #..#


There were no monsters in sight!

Vanquished Creatures
  2 orc knights (Bailey)
  Maggie (D:8)
  6 yaks (D:8)
  A wraith (D:8)
  Grum (D:9)
  A vampire mosquito (D:8)
  2 water moccasins
  An ice beast (D:7)
  11 orc warriors
  2 black bears
  A sky beast (D:7)
  6 wolves
  4 centaurs
  2 ogres
  3 phantoms
  A kobold brigand (D:8)
  4 bullfrogs
  A necrophage (D:8)
  2 scorpions
  4 gnoll sergeants (D:7)
  11 wights
  3 howler monkeys
  4 jellies
  5 gnoll boudas
  10 hounds
  2 iguanas
  7 orc wizards
  32 gnolls
  5 adders
  A white imp (D:5)
  2 worms
  3 dart slugs
  43 orcs
  7 endoplasms
  A giant cockroach (D:4)
  2 goblins
  4 hobgoblins
  7 jackals (D:7)
  9 kobolds
  3 quokkas
  4 ball pythons
  2 bats
  A frilled lizard (D:2)
  2 rats
  A butterfly (D:5)
227 creatures vanquished.

Vanquished Creatures (collateral kills)
  An orc (D:9)
1 creature vanquished.

Vanquished Creatures (others)
  An orc (D:9)
1 creature vanquished.

Grand Total: 229 creatures vanquished

Notes
Turn   | Place    | Note
-------+----------+-------------------------------------------
     0 | D:1      | protoss039 the Demonspawn Earth Elementalist began the
                  | quest for the Orb.
     0 | D:1      | Reached XP level 1. HP: 13/13 MP: 3/3
   256 | D:1      | Found Texep's Distillery.
   311 | D:1      | Found a faded altar of an unknown god.
   543 | D:1      | Gained mutation: You have an unusually large brain. (Int
                  | +2) [demonic ancestry]
   543 | D:1      | Reached XP level 2. HP: 20/20 MP: 3/5
  1021 | D:2      | Reached skill level 1 in Fighting
  1329 | D:2      | Reached XP level 3. HP: 22/26 MP: 4/6
  1782 | D:2      | Learned a level 2 spell: Passwall
  2299 | D:3      | Noticed a water moccasin
  2305 | D:3      | Killed a water moccasin
  2306 | D:3      | Reached skill level 1 in Armour
  2306 | D:3      | Reached skill level 1 in Shields
  2306 | D:3      | Gained mutation: You have large cloven feet. [demonic
                  | ancestry]
  2306 | D:3      | Reached XP level 4. HP: 33/33 MP: 3/8
  2306 | D:3      | Gained mutation: You have hoof-like feet. [demonic
                  | ancestry]
  2306 | D:3      | Reached XP level 5. HP: 38/38 MP: 3/9
  2396 | D:3      | Found a shimmering blue altar of Sif Muna.
  2741 | D:4      | Noticed Weresquid's ghost (novice GrGl)
  2750 | D:4      | Found a runed translucent gate.
  2750 | D:4      | Found a runed translucent gate.
  2751 | D:4      | Found a runed translucent gate.
  3073 | D:4      | Found a staircase to the Ecumenical Temple.
  3097 | Temple   | Entered the Ecumenical Temple
  3185 | D:4      | Noticed a phantom
  3192 | D:4      | Killed a phantom
  3193 | D:4      | Gained mutation: You have hooves in place of feet. [demonic
                  | ancestry]
  3193 | D:4      | Reached XP level 6. HP: 46/46 MP: 4/10
  3629 | D:5      | Entered Level 5 of the Dungeon
  4013 | D:5      | Found a shimmering altar of Xom.
  4140 | D:5      | Gained mutation: You have an extremely huge brain. (Int +4)
                  | [demonic ancestry]
  4140 | D:5      | Reached XP level 7. HP: 25/52 MP: 7/12
  4544 | D:5      | Found Ywiokk's Book Boutique.
  4685 | D:6      | Found a sparkling altar of Nemelex Xobeh.
  5037 | D:6      | Gained mutation: You have an absolutely massive brain. (Int
                  | +6, Wiz) [demonic ancestry]
  5037 | D:6      | Reached XP level 8. HP: 57/60 MP: 14/14
  5143 | D:6      | Reached skill level 5 in Earth Magic
  5147 | D:6      | Learned a level 3 spell: Stone Arrow
  5151 | D:6      | Learned a level 3 spell: Mephitic Cloud
  5659 | D:7      | Reached skill level 1 in Poison Magic
  5706 | D:7      | Reached skill level 1 in Conjurations
  5771 | D:7      | Reached skill level 1 in Air Magic
  5784 | D:7      | Reached skill level 5 in Spellcasting
  5796 | D:7      | Reached skill level 5 in Fighting
  5938 | D:7      | Found a radiant altar of Vehumet.
  5945 | D:7      | Identified the +6 quarterstaff "Afeud" {freeze, rPois rN+
                  | Will+ Stlth+}
  5951 | D:7      | Became a worshipper of Vehumet
  5972 | D:7      | Gained mutation: A meltable shield of frost defends you.
                  | (SH +4) [demonic ancestry]
  5972 | D:7      | Reached XP level 9. HP: 65/68 MP: 8/17
  6001 | D:7      | Found a flagged portal.
  6024 | Bailey   | Entered a bailey
  6933 | Bailey   | Noticed an orc knight
  6933 | Bailey   | Noticed an orc knight
  7063 | Bailey   | Killed an orc knight
  7068 | Bailey   | Killed an orc knight
  7069 | Bailey   | Reached XP level 10. HP: 77/77 MP: 12/19
  7200 | D:7      | Reached * piety under Vehumet
  7200 | D:7      | Offered knowledge of Shock by Vehumet.
  8000 | D:7      | Reached skill level 5 in Conjurations
  8471 | D:7      | Acquired 701 gold pieces
  8485 | D:7      | Learned a level 2 spell: Wereblood
  8494 | D:8      | Reached ** piety under Vehumet
  8494 | D:8      | Offered knowledge of Static Discharge by Vehumet.
  8573 | D:8      | Learned a level 2 spell: Static Discharge
  8672 | D:8      | Found a hide-covered altar of Uskayaw.
  8679 | D:8      | Noticed Maggie
  8686 | D:8      | Killed Maggie
  9185 | D:8      | Found a snail-covered altar of Cheibriados.
  9365 | D:8      | Offered knowledge of Frozen Ramparts by Vehumet.
  9735 | D:8      | Learned a level 5 spell: Freezing Cloud
  9788 | D:9      | Reached *** piety under Vehumet
 10214 | D:9      | Noticed Grum
 10216 | D:9      | Killed Grum
 10293 | D:9      | Offered knowledge of Sticky Flame by Vehumet.
 10518 | D:9      | Found a staircase to the Orcish Mines.
 10580 | D:9      | Gained mutation: A weak demonic guardian rushes to your
                  | aid. [demonic ancestry]
 10580 | D:9      | Reached XP level 11. HP: 60/80 MP: 9/22
 10727 | D:9      | Found an ornate altar of the Wu Jian Council.
 10997 | D:$      | Got out of the dungeon alive.

Illustrated notes

Levels and vault maps discovered:
D:1:      minmay_arrival_diagonal_passages, layout_loops_ring,
          hellmonk_ecumenical_altar_zigzags, serial_shops, shop,
          chequers_serial_rivers_room_b, minmay_stone_trees_small
D:2:      layout_loops_ring
D:3:      layout_loops_corners, overflow_temple_1_default
D:4:      layout_basic, temple_fountains, gammafunk_ghost_split
D:5:      layout_cave_pools, xom_butterflies, serial_shops,
          kennysheep_mini_moat, serial_column_ruins, column_ruins_hut,
          column_ruins_grid_1, column_ruins_grid_4, column_ruins_open_medium
D:6:      layout_basic, nemelex_diamond_rough_becter
D:7:      layout_cave_pools, nicolae_vehumet_radiance, enter_bailey_2,
          serial_gnoll_camp, gnoll_camp_mini_doghouse, gnoll_camp_huts_basic,
          gnoll_camp_mini_hut, gnoll_camp_medium_02, gnoll_camp_mini_doghouse,
          gnoll_camp_mini_basic, chequers_serial_rivers_micro_a,
          hangedman_decor_slide_cut
D:8:      minmay_chambers_of_sixes, layout_gridville, kennysheep_mini,
          mainiacjoe_overflow_tiny_flanked, uniq_maggie
D:9:      layout_loops_ring, mainiacjoe_overflow_24_doors,
          mainiacjoe_overflow_surrounded_room, hiddenorc1_lemuel, uniq_grum
Temple:   nicolae_temple_god_jail

Skill      XL: |  1  2  3  4  5  6  7  8  9 10 11 |
---------------+----------------------------------+-----
Fighting       | 1 2 3 4 5 6 8 |  8.1
Earth Magic    | 3 4 5 6 7 8 |  8.0
Armour         | 1 2 3 |  3.0
Shields        | 1 2 3 |  3.0
Spellcasting   | 3 4 5 6 7 |  7.7
Poison Magic   | 2 3 |  3.0
Conjurations   | 2 4 6 |  6.5
Air Magic      | 2 3 |  3.0
Dodging        | |  1.7
Stealth        | |  1.7
Transmutations | |  0.8

Action                   |  1- 3 |  4- 6 |  7- 9 | 10-12 || total
-------------------------+-------+-------+-------+-------++-------
Melee: Dagger            |    10 |    21 |    12 |       ||    43
       Kick              |       |     6 |    11 |    58 ||    75
       Trident           |       |       |    58 |       ||    58
       Quarterstaff      |       |       |       |   172 ||   172
 Cast: Sandblast         |    38 |    44 |    73 |    22 ||   177
       Stone Arrow       |       |       |    31 |    60 ||    91
       Mephitic Cloud    |       |       |     2 |    27 ||    29
       Freezing Cloud    |       |       |       |     5 ||     5
       Static Discharge  |       |       |       |     3 ||     3
Evoke: Wand              |     3 |       |     6 |       ||     9
  Use: Scroll            |       |       |     2 |     1 ||     3
       Potion            |       |       |     2 |     1 ||     3
 Stab: Sleeping          |     2 |     1 |     4 |     1 ||     8
       Confused          |       |       |       |    10 ||    10
Armor: Robe              |     1 |       |       |       ||     1
       Leather armour    |     7 |    16 |    41 |    52 ||   116
       Skin              |       |       |       |    24 ||    24
Dodge: Dodged            |     8 |    34 |    77 |   202 ||   321
Block: Buckler           |       |     7 |    69 |       ||    76
       Other             |       |       |       |    52 ||    52
